Workbook

Sheet Source
A2: Source of Data: https://dosweb.dos.gov.jo/?s=cpi

Sheet 2025
A1: الأرقام القياسية الشهرية والتراكمية لأسعار المستهلك لعام 2025 (2018=100)
A2: Monthly And cummulative Consumer Price Indices During 2025 (2018=100)
A3: مجموعـــــــــات الانفـــــــاق | B3: الاهمية النسبية | C3: كانون ثاني | D3: شباط | E3: اذار | F3: نيسان | G3: ايار | H3: حزيران | I3: تموز | J3: آب | K3: ايلول | L3: تشرين اول | M3: تشرين ثاني | N3: كانون اول | O3: المعدل | P3: Expenditure Groups
B4: Relative Imp. | C4: Jan. | D4: Feb. | E4: Mar. | F4: Apr. | G4: May | H4: Jun. | I4: Jul. | J4: Aug. | K4: Sep. | L4: Oct. | M4: Nov. | N4: Dec. | O4: Average
A5: جميع المواد | B5: 100 | C5: 112.23477 | D5: 112.35888 | E5: 112.42513 | F5: 112.52668 | G5: 112.76609 | H5: =+[1]حزيران!B6 -> 112.98238 | O5: =AVERAGE(C5:N5) -> 112.54899 | P5: All Items
A6: 1) الاغذية والمشروبات غير الكحولية | B6: 26.523947 | C6: 109.87635 | D6: 109.7512 | E6: 109.6396 | F6: 110.62357 | G6: 111.54121 | H6: =+[1]حزيران!B7 -> 111.21824 | O6: =AVERAGE(C6:N6) -> 110.4417 | P6: 1)Food and non-Alcoholic Beverages
A7: الغذاء | B7: 23.796409 | C7: 110.51839 | D7: 110.34025 | E7: 110.29186 | F7: 111.11866 | G7: 112.07236 | H7: =+[1]حزيران!B8 -> 111.68756 | O7: =AVERAGE(C7:N7) -> 111.00485 | P7: Food Items
A8: الحبوب ومنتجاتها | B8: 4.1713184 | C8: 118.84187 | D8: 118.72595 | E8: 118.69433 | F8: 118.59575 | G8: 118.57038 | H8: =+[1]حزيران!B9 -> 118.42167 | O8: =AVERAGE(C8:N8) -> 118.64166 | P8: Cereals and Products
A9: اللحوم والدواجن | B9: 4.6862936 | C9: 119.3296 | D9: 120.48751 | E9: 119.30126 | F9: 117.71865 | G9: 122.37153 | H9: =+[1]حزيران!B10 -> 123.56902 | O9: =AVERAGE(C9:N9) -> 120.46293 | P9: Meat and Poultry
A10: الاسماك ومنتجات البحر | B10: 0.41400371 | C10: 103.70208 | D10: 104.75631 | E10: 105.73604 | F10: 105.04097 | G10: 103.47046 | H10: =+[1]حزيران!B11 -> 103.77179 | O10: =AVERAGE(C10:N10) -> 104.41294 | P10: Fish and Sea Products
A11: الالبان ومنتجاتها والبيض | B11: 3.7200766 | C11: 111.54287 | D11: 111.62631 | E11: 111.01129 | F11: 110.55037 | G11: 111.34055 | H11: =+[1]حزيران!B12 -> 111.62862 | O11: =AVERAGE(C11:N11) -> 111.28334 | P11: Dairy Products and Eggs
A12: الزيوت والدهون | B12: 1.6969505 | C12: 117.48855 | D12: 117.33565 | E12: 117.18264 | F12: 117.68961 | G12: 117.50715 | H12: =+[1]حزيران!B13 -> 117.68682 | O12: =AVERAGE(C12:N12) -> 117.48174 | P12: Oils and Fats
A13: الفواكه والمكسرات | B13: 2.5668374 | C13: 99.925749 | D13: 100.26343 | E13: 103.7136 | F13: 113.49416 | G13: 116.74191 | H13: =+[1]حزيران!B14 -> 114.07947 | O13: =AVERAGE(C13:N13) -> 108.03639 | P13: Fruits and Nuts
A14: الخضروات والبقول الجافة والمعلبة | B14: 2.962259 | C14: 90.501231 | D14: 87.412908 | E14: 87.763357 | F14: 88.702477 | G14: 86.632246 | H14: =+[1]حزيران!B15 -> 84.837705 | O14: =AVERAGE(C14:N14) -> 87.641654 | P14: Vegetables and Legumes Dry and Canned
A15: السكر ومنتجاته | B15: 2.3130932 | C15: 113.62276 | D15: 113.71679 | E15: 112.17355 | F15: 112.12153 | G15: 112.04173 | H15: =+[1]حزيران!B16 -> 111.14549 | O15: =AVERAGE(C15:N15) -> 112.47031 | P15: Sugar and its Products
A16: التوابل ومحسنات الطعام والمأكولات الاخرى | B16: 1.2655763 | C16: 106.96533 | D16: 107.39978 | E16: 107.23331 | F16: 107.55586 | G16: 107.74292 | H16: =+[1]حزيران!B17 -> 107.83727 | O16: =AVERAGE(C16:N16) -> 107.45575 | P16: Spices and food additives, other food
... A48: الخدمات الأخرى | B48: 0.59694693 | C48: 106.20125 | D48: 106.20125 | E48: 106.20125 | F48: 106.20125 | G48: 106.20125 | H48: =+[1]حزيران!B49 -> 106.20125 | O48: =AVERAGE(C48:N48) -> 106.20125 | P48: Other Services

Sheet 2017(2018=100)
A1: الأرقام القياسية الشهرية والتراكمية لأسعار المستهلك لعام 2017 (2018=100)
A2: Monthly And cummulative Consumer Price Indices During 2017 (2018=100)
A3: مجموعـــــــــات الانفـــــــاق | B3: الاهمية النسبية | C3: كانون ثاني | D3: شباط | E3: اذار | F3: نيسان | G3: ايار | H3: حزيران | I3: تموز | J3: آب | K3: ايلول | L3: تشرين اول | M3: تشرين ثاني | N3: كانون اول | O3: المعدل | P3: Expenditure Groups
B4: Relative Imp. | C4: Jan. | D4: Feb. | E4: Mar. | F4: Apr. | G4: May | H4: Jun. | I4: Jul. | J4: Aug. | K4: Sep. | L4: Oct. | M4: Nov. | N4: Dec. | O4: Average
A5: جميع المواد | B5: 100 | C5: 94.791896 | D5: 95.558067 | E5: 95.282354 | F5: 95.302088 | G5: 95.362333 | H5: 95.487474 | I5: 95.105472 | J5: 95.56641 | K5: 96.265358 | L5: 96.467831 | M5: 96.613107 | N5: 96.937272 | O5: 95.728305 | P5: All Items
A6: 1) الاغذية والمشروبات غير الكحولية | B6: 26.523947 | C6: 97.826774 | D6: 97.845661 | E6: 97.01488 | F6: 96.87375 | G6: 96.626903 | H6: 96.231492 | I6: 95.445132 | J6: 96.625329 | K6: 97.005437 | L6: 96.928313 | M6: 97.204104 | N6: 96.79208 | O6: 96.868321 | P6: 1)Food and non-Alcoholic Beverages
A7: الغذاء | B7: 23.796409 | C7: 97.9028 | D7: 97.904997 | E7: 96.981214 | F7: 96.819719 | G7: 96.471147 | H7: 96.035717 | I7: 95.177692 | J7: 96.479411 | K7: 96.879324 | L7: 96.793346 | M7: 97.07572 | N7: 96.579015 | O7: 96.758342 | P7: Food Items
A8: الحبوب ومنتجاتها | B8: 4.1713184 | C8: 82.463428 | D8: 82.767725 | E8: 82.704681 | F8: 82.659535 | G8: 82.607004 | H8: 82.529985 | I8: 82.358466 | J8: 82.375904 | K8: 82.371259 | L8: 82.356035 | M8: 82.527386 | N8: 82.370974 | O8: 82.507698 | P8: Cereals and Products
A9: اللحوم والدواجن | B9: 4.6862936 | C9: 102.72912 | D9: 101.31456 | E9: 99.811095 | F9: 97.187972 | G9: 100.70354 | H9: 107.0539 | I9: 103.05634 | J9: 99.253363 | K9: 95.759077 | L9: 95.647896 | M9: 97.196192 | N9: 101.01349 | O9: 100.06055 | P9: Meat and Poultry
A10: الاسماك ومنتجات البحر | B10: 0.41400371 | C10: 99.162016 | D10: 99.786399 | E10: 98.6842 | F10: 98.197469 | G10: 98.224378 | H10: 98.397281 | I10: 98.189454 | J10: 98.970791 | K10: 98.796579 | L10: 97.866629 | M10: 98.304041 | N10: 97.877589 | O10: 98.538069 | P10: Fish and Sea Products
A11: الالبان ومنتجاتها والبيض | B11: 3.7200766 | C11: 103.57278 | D11: 100.06573 | E11: 98.882204 | F11: 98.451669 | G11: 97.14056 | H11: 95.897301 | I11: 96.218359 | J11: 99.159996 | K11: 100.58484 | L11: 99.418038 | M11: 96.704698 | N11: 95.377774 | O11: 98.456162 | P11: Dairy Products and Eggs
A12: الزيوت والدهون | B12: 1.6969505 | C12: 94.699092 | D12: 94.472302 | E12: 94.782157 | F12: 95.098316 | G12: 95.385934 | H12: 95.461332 | I12: 95.608805 | J12: 95.739494 | K12: 95.741027 | L12: 95.752103 | M12: 98.134924 | N12: 98.860104 | O12: 95.811299 | P12: Oils and Fats
A13: الفواكه والمكسرات | B13: 2.5668374 | C13: 98.109802 | D13: 94.432139 | E13: 95.971251 | F13: 101.12011 | G13: 103.45689 | H13: 99.632291 | I13: 97.165702 | J13: 103.20002 | K13: 105.08355 | L13: 106.87201 | M13: 102.47395 | N13: 95.255115 | O13: 100.23107 | P13: Fruits and Nuts
A14: الخضروات والبقول الجافة والمعلبة | B14: 2.962259 | C14: 102.7422 | D14: 111.31877 | E14: 107.09906 | F14: 107.19393 | G14: 97.610707 | H14: 86.641157 | I14: 88.685953 | J14: 97.951487 | K14: 104.81125 | L14: 104.5528 | M14: 108.86863 | N14: 104.64946 | O14: 101.84378 | P14: Vegetables and Legumes Dry and Canned
A15: السكر ومنتجاته | B15: 2.3130932 | C15: 98.960748 | D15: 99.83743 | E15: 100.06989 | F15: 100.41161 | G15: 100.03635 | H15: 99.571437 | I15: 100.13866 | J15: 100.32213 | K15: 100.36135 | L15: 100.45618 | M15: 100.37714 | N15: 100.28205 | O15: 100.06875 | P15: Sugar and its Products
A16: التوابل ومحسنات الطعام والمأكولات الاخرى | B16: 1.2655763 | C16: 100.78486 | D16: 100.83922 | E16: 100.75119 | F16: 100.92792 | G16: 101.00793 | H16: 101.0033 | I16: 101.20089 | J16: 101.22381 | K16: 101.09572 | L16: 101.02423 | M16: 101.02473 | N16: 100.75408 | O16: 100.96982 | P16: Spices and food additives, other food
... A48: الخدمات الأخرى | B48: 0.59694693 | C48: 83.128187 | D48: 97.261638 | E48: 97.261638 | F48: 97.261638 | G48: 97.261638 | H48: 97.261638 | I48: 100.84369 | J48: 100.84369 | K48: 100.84369 | L48: 100.86153 | M48: 100.86153 | N48: 100.86153 | O48: 97.879338 | P48: Other Services

Sheet 2016(2018=100)
A1: الأرقام القياسية الشهرية والتراكمية لأسعار المستهلك لعام 2016 (2018=100)
A2: Monthly And cummulative Consumer Price Indices During 2015 (2018=100)
A3: مجموعـــــــــات الانفـــــــاق | B3: الاهمية النسبية | C3: كانون ثاني | D3: شباط | E3: اذار | F3: نيسان | G3: ايار | H3: حزيران | I3: تموز | J3: آب | K3: ايلول | L3: تشرين اول | M3: تشرين ثاني | N3: كانون اول | O3: المعدل | P3: Expenditure Groups
B4: Relative Imp. | C4: Jan. | D4: Feb. | E4: Mar. | F4: Apr. | G4: May | H4: Jun. | I4: Jul. | J4: Aug. | K4: Sep. | L4: Oct. | M4: Nov. | N4: Dec. | O4: Average
A5: جميع المواد | B5: 100 | C5: 92.448298 | D5: 91.394541 | E5: 91.376171 | F5: 92.062845 | G5: 91.963855 | H5: 92.092206 | I5: 93.395844 | J5: 93.432344 | K5: 93.003172 | L5: 93.221368 | M5: 93.499086 | N5: 93.895368 | O5: 92.648758 | P5: All Items
A6: 1) الاغذية والمشروبات غير الكحولية | B6: 26.523947 | C6: 99.227061 | D6: 97.130565 | E6: 97.196584 | F6: 97.626708 | G6: 96.927701 | H6: 95.203094 | I6: 98.731531 | J6: 99.426253 | K6: 97.417548 | L6: 96.624629 | M6: 95.304876 | N6: 96.392472 | O6: 97.267419 | P6: 1)Food and non-Alcoholic Beverages
A7: الغذاء | B7: 23.796409 | C7: 99.486189 | D7: 97.18183 | E7: 97.254094 | F7: 97.733041 | G7: 96.961522 | H7: 95.055143 | I7: 98.938583 | J7: 99.698849 | K7: 97.467721 | L7: 96.590444 | M7: 95.130484 | N7: 96.32319 | O7: 97.318424 | P7: Food Items
A8: الحبوب ومنتجاتها | B8: 4.1713184 | C8: 82.504876 | D8: 82.812174 | E8: 82.833049 | F8: 82.883376 | G8: 82.987256 | H8: 82.872494 | I8: 82.922728 | J8: 82.488251 | K8: 82.482827 | L8: 82.42058 | M8: 82.430003 | N8: 82.442804 | O8: 82.673368 | P8: Cereals and Products
A9: اللحوم والدواجن | B9: 4.6862936 | C9: 108.3089 | D9: 106.95069 | E9: 111.38905 | F9: 111.77261 | G9: 109.85598 | H9: 106.59673 | I9: 108.17627 | J9: 106.78885 | K9: 101.63004 | L9: 97.413887 | M9: 95.030513 | N9: 99.416479 | O9: 105.2775 | P9: Meat and Poultry
A10: الاسماك ومنتجات البحر | B10: 0.41400371 | C10: 98.834775 | D10: 98.335121 | E10: 98.039942 | F10: 98.771224 | G10: 98.761819 | H10: 99.447789 | I10: 99.02829 | J10: 99.671403 | K10: 100.152 | L10: 99.190642 | M10: 99.220332 | N10: 99.27415 | O10: 99.060624 | P10: Fish and Sea Products
A11: الالبان ومنتجاتها والبيض | B11: 3.7200766 | C11: 102.54626 | D11: 102.14859 | E11: 99.882253 | F11: 98.040964 | G11: 96.987488 | H11: 96.815405 | I11: 96.73682 | J11: 98.123318 | K11: 98.504851 | L11: 97.368037 | M11: 96.826713 | N11: 98.328261 | O11: 98.525747 | P11: Dairy Products and Eggs
A12: الزيوت والدهون | B12: 1.6969505 | C12: 92.253652 | D12: 92.370881 | E12: 92.371903 | F12: 92.192568 | G12: 91.553093 | H12: 91.589386 | I12: 91.774601 | J12: 93.118212 | K12: 93.232714 | L12: 93.176485 | M12: 93.769443 | N12: 93.83581 | O12: 92.603229 | P12: Oils and Fats
A13: الفواكه والمكسرات | B13: 2.5668374 | C13: 108.06746 | D13: 105.62368 | E13: 99.257474 | F13: 102.02453 | G13: 104.44418 | H13: 97.865382 | I13: 103.35013 | J13: 104.15047 | K13: 103.65954 | L13: 110.4161 | M13: 105.03276 | N13: 99.93343 | O13: 103.65209 | P13: Fruits and Nuts
A14: الخضروات والبقول الجافة والمعلبة | B14: 2.962259 | C14: 101.35302 | D14: 87.583865 | E14: 87.058129 | F14: 90.046628 | G14: 87.054877 | H14: 83.341952 | I14: 106.86838 | J14: 112.63298 | K14: 104.53363 | L14: 102.098 | M14: 99.294002 | N14: 102.01496 | O14: 96.990034 | P14: Vegetables and Legumes Dry and Canned
A15: السكر ومنتجاته | B15: 2.3130932 | C15: 97.01152 | D15: 96.855134 | E15: 96.965165 | F15: 97.068913 | G15: 97.244827 | H15: 97.11841 | I15: 97.592579 | J15: 98.152921 | K15: 98.129658 | L15: 98.261763 | M15: 98.364408 | N15: 98.804617 | O15: 97.630826 | P15: Sugar and its Products
A16: التوابل ومحسنات الطعام والمأكولات الاخرى | B16: 1.2655763 | C16: 99.874453 | D16: 99.946604 | E16: 100.00808 | F16: 99.949996 | G16: 99.944039 | H16: 99.888354 | I16: 99.995339 | J16: 100.25101 | K16: 100.08346 | L16: 100.19682 | M16: 100.26806 | N16: 100.41997 | O16: 100.06885 | P16: Spices and food additives, other food
... A48: الخدمات الأخرى | B48: 0.59694693 | C48: 80.478288 | D48: 80.480195 | E48: 80.780644 | F48: 81.23574 | G48: 81.23574 | H48: 82.989248 | I48: 82.985206 | J48: 82.54681 | K48: 83.128187 | L48: 83.128187 | M48: 83.128187 | N48: 83.128187 | O48: 82.103718 | P48: Other Services

Sheet 2010(2018=100)
A1: الأرقام القياسية الشهرية والتراكمية لأسعار المستهلك لعام 2010 (2018=100)
A2: Monthly And cummulative Consumer Price Indices During 2010 (2018=100)
A3: مجموعـــــــــات الانفـــــــاق | B3: الاهمية النسبية | C3: كانون ثاني | D3: شباط | E3: اذار | F3: نيسان | G3: ايار | H3: حزيران | I3: تموز | J3: آب | K3: ايلول | L3: تشرين اول | M3: تشرين ثاني | N3: كانون اول | O3: المعدل | P3: Expenditure Groups
B4: Relative Imp. | C4: Jan. | D4: Feb. | E4: Mar. | F4: Apr. | G4: May | H4: Jun. | I4: Jul. | J4: Aug. | K4: Sep. | L4: Oct. | M4: Nov. | N4: Dec. | O4: Average
A5: جميع المواد | B5: 100 | C5: 78.896486 | D5: 79.401104 | E5: 79.458532 | F5: 79.436296 | G5: 79.163623 | H5: 79.635439 | I5: 79.581805 | J5: 80.098688 | K5: 80.988854 | L5: 81.577742 | M5: 81.689246 | N5: 82.73113 | O5: 80.221579 | P5: All Items
A6: 1) الاغذية والمشروبات غير الكحولية | B6: 26.523947 | C6: 86.021331 | D6: 86.774657 | E6: 86.738439 | F6: 87.145137 | G6: 85.333902 | H6: 85.213093 | I6: 85.282372 | J6: 86.671563 | K6: 88.896817 | L6: 90.432638 | M6: 89.638758 | N6: 91.252052 | O6: 87.450063 | P6: 1)Food and non-Alcoholic Beverages
A7: الغذاء | B7: 23.796409 | C7: 86.643364 | D7: 87.441485 | E7: 87.312658 | F7: 87.762189 | G7: 85.725233 | H7: 85.493883 | I7: 85.532283 | J7: 87.026055 | K7: 89.343741 | L7: 90.960625 | M7: 90.028051 | N7: 91.792364 | O7: 87.921827 | P7: Food Items
A8: الحبوب ومنتجاتها | B8: 4.1713184 | C8: 85.558998 | D8: 85.110143 | E8: 85.214937 | F8: 84.640497 | G8: 83.976019 | H8: 83.237186 | I8: 82.695635 | J8: 82.755804 | K8: 82.868897 | L8: 83.181964 | M8: 83.226304 | N8: 83.554344 | O8: 83.835061 | P8: Cereals and Products
A9: اللحوم والدواجن | B9: 4.6862936 | C9: 100.37929 | D9: 101.43742 | E9: 100.39251 | F9: 98.565011 | G9: 96.790968 | H9: 98.839407 | I9: 97.356505 | J9: 98.704513 | K9: 96.720857 | L9: 97.30385 | M9: 96.796287 | N9: 100.8562 | O9: 98.678567 | P9: Meat and Poultry
A10: الاسماك ومنتجات البحر | B10: 0.41400371 | C10: 81.715118 | D10: 80.514174 | E10: 81.870674 | F10: 81.101883 | G10: 79.259053 | H10: 80.67485 | I10: 81.216642 | J10: 80.696925 | K10: 82.473874 | L10: 83.512686 | M10: 83.871988 | N10: 84.569492 | O10: 81.78978 | P10: Fish and Sea Products
A11: الالبان ومنتجاتها والبيض | B11: 3.7200766 | C11: 83.688745 | D11: 83.953343 | E11: 82.993448 | F11: 82.12828 | G11: 81.267086 | H11: 80.15202 | I11: 80.962089 | J11: 80.636336 | K11: 80.172375 | L11: 81.356479 | M11: 81.89437 | N11: 84.127147 | O11: 81.94431 | P11: Dairy Products and Eggs
A12: الزيوت والدهون | B12: 1.6969505 | C12: 82.938679 | D12: 83.772432 | E12: 85.277539 | F12: 84.22463 | G12: 84.838785 | H12: 84.78207 | I12: 84.920035 | J12: 85.265868 | K12: 84.299747 | L12: 87.219731 | M12: 87.244608 | N12: 87.556678 | O12: 85.195067 | P12: Oils and Fats
A13: الفواكه والمكسرات | B13: 2.5668374 | C13: 78.043249 | D13: 76.010419 | E13: 79.080657 | F13: 84.631692 | G13: 84.12389 | H13: 83.353975 | I13: 85.134901 | J13: 86.264947 | K13: 87.69605 | L13: 84.362797 | M13: 87.564818 | N13: 85.230463 | O13: 83.458155 | P13: Fruits and Nuts
A14: الخضروات والبقول الجافة والمعلبة | B14: 2.962259 | C14: 77.982022 | D14: 83.468508 | E14: 82.1716 | F14: 88.216369 | G14: 78.146679 | H14: 74.592211 | I14: 76.039075 | J14: 84.316839 | K14: 105.34553 | L14: 114.80522 | M14: 103.87446 | N14: 107.65673 | O14: 89.717938 | P14: Vegetables and Legumes Dry and Canned
A15: السكر ومنتجاته | B15: 2.3130932 | C15: 84.547642 | D15: 84.886071 | E15: 84.497143 | F15: 83.766108 | G15: 83.194584 | H15: 83.322639 | I15: 83.175617 | J15: 83.661553 | K15: 84.509886 | L15: 86.359492 | M15: 87.932866 | N15: 88.951162 | O15: 84.900397 | P15: Sugar and its Products
A16: التوابل ومحسنات الطعام والمأكولات الاخرى | B16: 1.2655763 | C16: 80.095388 | D16: 81.219237 | E16: 81.852303 | F16: 81.747138 | G16: 81.937147 | H16: 83.074632 | I16: 83.332455 | J16: 83.738304 | K16: 84.145063 | L16: 83.688328 | M16: 83.88575 | N16: 84.186434 | O16: 82.741848 | P16: Spices and food additives, other food
... A48: الخدمات الأخرى | B48: 0.59694693 | C48: 76.351767 | D48: 76.351767 | E48: 76.351767 | F48: 76.351767 | G48: 76.208208 | H48: 76.208208 | I48: 76.208208 | J48: 76.208208 | K48: 76.208208 | L48: 76.208208 | M48: 76.208208 | N48: 76.208208 | O48: 76.256061 | P48: Other Services

Sheet Rebase2025
A2: JLMPS | B2: Base 2010 | C2: Base 2017 Jan( from JLMPS) | D2: Base 2018 (from DOS) | E2: 2025 (only DoS numbers) | F2: If the 2016 is proportionally considered | G2: 2025=100 using JLMPS 2016 proportionally
A3: 2010 | B3: 100 | C3: 0.8460237 | D3: 80.221579 | E3: =D3/D5 -> 0.71277031 | F3: =D3/D4 -> 0.84629154 | G3: =C3*E4/C4 -> 0.71254474
A4: 2016 | C4: 1 | D4: 94.791896 | E4: =D4/D5 -> 0.84222787 | G4: 0.84222787
A5: 2025 | D5: 112.54899 | E5: =D5/D5 -> 1 | G5: 1
A8: From DoS tables | B8: Year or Month
A9: CPI (2018=100) | B9: 2010 | C9: 80.221579
A10: CPI (2018=100) | B10: 2017 (JAN) | C10: 94.791896
A11: CPI (2018=100) | B11: 2025 (Average) | C11: 112.54899
A12: CPI (2018=100) | B12: 2025 (March) | C12: 112.42513
A13: CPI (2018=100) | B13: 2025 (April) | C13: 112.52668
A14: CPI (2018=100) | B14: 2025 (May) | C14: 112.76609
